 Dungeon Crawl Stone Soup version 0.29.1-12-g30fa7ad0bf (webtiles) character file.

Game seed: 12949018543818621795

7289 sweetbreads the Covert (level 10, -3/49 HPs)
             Began as a Spriggan Enchanter on Jan 7, 2023.
             Was a Follower of Kikubaaqudgha.
             Slain by a komodo dragon (26 damage)
             ... on level 1 of the Lair of Beasts.
             The game lasted 01:00:09 (13253 turns).

sweetbreads the Covert (Spriggan Enchanter)        Turns: 13253, Time: 01:00:10

Health: -3/49      AC:  7    Str: 10    XL:     10   Next: 89%
Magic:  4/15       EV: 22    Int: 21    God:    Kikubaaqudgha [*.....]
Gold:   522        SH:  0    Dex: 16    Spells: 3/15 levels left

rFire   + . .      SeeInvis +   a - +3 rapier (venom)
rCold   + . .      Faith    .   (no shield)
rNeg    . . .      Spirit   .   I - +2 steam dragon scales
rPois   .          Reflect  .   (helmet restricted)
rElec   .          Harm     .   L - scarf {rC+ rF+}
rCorr   .          Rampage  .   (gloves unavailable)
Will    +....                   (boots unavailable)
Stlth   ++++......              g - amulet of regeneration
HPRegen 0.96/turn               v - ring of flight
MPRegen 0.14/turn               N - +6 ring of strength

@: confusing by touch, flying, very quick
A: very small, no large weapons, unfitting armour, see invisible, speed 3
a: Renounce Religion, Unearth Wretches


You were on level 1 of the Lair of Beasts.
You worshipped Kikubaaqudgha.
Kikubaaqudgha was aware of your devotion.
You visited 3 branches of the dungeon, and saw 11 of its levels.
You also visited: Ossuary.

You collected 678 gold pieces.
You spent 156 gold pieces at shops.

Inventory:

Hand Weapons
 a - a +3 rapier of venom (weapon)
 b - a +3 short sword of freezing
 i - a +0 short sword of freezing
Missiles
 c - a throwing net
 o - 2 atropa-tipped darts
 x - 11 poisoned darts (quivered)
Armour
 I - +2 steam dragon scales (worn)
 L - a scarf of resistance (worn)
Jewellery
 g - an amulet of regeneration (around neck)
 n - an amulet of the acrobat
 v - a ring of flight (left hand)
 N - a +6 ring of strength (right hand)
Wands
 d - a wand of flame (9)
 s - a wand of iceblast (19)
 u - a wand of charming (10)
Scrolls
 e - a scroll of magic mapping
 j - 7 scrolls of teleportation
 k - 5 scrolls of identify
 q - a scroll of fear
 t - a scroll of immolation
 B - a scroll of fog
 D - 3 scrolls of amnesia
 E - a scroll of enchant armour
 K - 2 scrolls of brand weapon
Potions
 f - 3 potions of cancellation
 h - 5 potions of ambrosia
 l - 4 potions of heal wounds
 m - 2 potions of resistance
 p - 11 potions of curing
 r - 4 potions of haste
 w - 3 potions of flight
 z - 2 potions of brilliance
 F - a potion of degeneration
 G - 2 potions of berserk rage
 H - a potion of might
 J - 3 potions of invisibility
 R - 2 potions of magic


   Skills:
 - Level 4.0 Fighting
 - Level 10.0 Short Blades
 * Level 9.2 Dodging
 - Level 10.0 Stealth
 - Level 3.0 Spellcasting
 - Level 10.0 Hexes
 * Level 3.3 Necromancy
 * Level 4.9 Translocations
 - Level 4.0 Evocations


You had 3 spell levels left.
You knew the following spells:

 Your Spells              Type           Power      Damage    Failure   Level
a - Ensorcelled Hibernat  Hex/Ice        48%        N/A       2%          2
b - Confusing Touch       Hex            45%        N/A       1%          3
c - Tukima's Dance        Hex            45%        N/A       1%          3
d - Teleport Other        Tloc           23%        N/A       5%          3
e - Necrotise             Necr           68%        1d7       3%          1

Your spell library contained the following spells:

 Spells                   Type           Power      Damage    Failure   Level
 Dazzling Flash           Conj/Hex       48%        N/A       4%          3
 Inner Flame              Hex/Fire       24%        N/A       4%          3
 Gell's Gravitas          Tloc           23%        N/A       5%          3
 Lesser Beckoning         Tloc           23%        N/A       5%          3
 Vampiric Draining        Necr           17%        2d7       11%         3
 Foxfire                  Conj/Fire      12%        2x1d4     13%         1
 Conjure Flame            Conj/Fire      3%         6-21      36%         3
 Cause Fear               Hex            22%        N/A       2%          4
 Anguish                  Hex/Necr       15%        N/A       9%          4
 Animate Dead             Necr           17%        N/A       34%         4
 Silence                  Hex/Air        12%        N/A       43%         5
 Summon Mana Viper        Hex/Summ       24%        N/A       43%         5
 Agony                    Necr           17%        N/A       67%         5
 Flame Wave               Conj/Fire      3%         2d5       78%         4
 Summon Forest            Summ/Tloc      6%         N/A       80%         5
 Freezing Cloud           Conj/Ice/Air   1%         6-21      98%         5
 Conjure Ball Lightning   Conj/Air       1%         3x3d6     100%        6
 Simulacrum               Ice/Necr       5%         N/A       100%        6
 Summon Cactus Giant      Summ           1%         N/A       100%        6
 Dragon Form              Tmut           1%         N/A       100%        7
 Discord                  Hex            22%        N/A       100%        8
 Disjunction              Tloc           11%        N/A       100%        8
 Dragon's Call            Summ           1%         N/A       100%        9
 Polar Vortex             Ice            1%         N/A       100%        9


Dungeon Overview and Level Annotations

Branches:
Dungeon (9/15)             Temple (1/1) D:7            Lair (1/5) D:8
    Orc (0/2) D:9         Ossuary (visited)

Altars:
Ashenzari
Cheibriados
Dithmenos
Elyvilon
Fedhas
Gozag
Hepliaklqana
Kikubaaqudgha
Makhleb
Nemelex Xobeh
Okawaru
Qazlal
Ru
Trog
Uskayaw
Vehumet
Wu Jian
Xom
Yredelemnul
Zin
The Shining One

Shops:
D:2 !   D:7 *

Annotations:
D:9 3 runed translucent doors, hawla's ghost, journeyman MeIE


Innate Abilities, Weirdness & Mutations

You are very small and have problems with some larger weapons.
You are too small for most types of armour.
You have supernaturally acute eyesight. (SInv)
You cover ground extremely quickly. (Speed+++)


Message History

There is a stone staircase leading down here.
Found a potion of flight.
Found a stone staircase leading down.
w - 3 potions of flight (gained 1)
Found a long sword.
A komodo dragon comes into view.
The komodo dragon hisses angrily.
Casting: Confusing Touch (safe; 1% risk of failure)
Confirm with . or Enter, or press ? or * to list all spells.
Aiming: Ensorcelled Hibernation (safe; 2% risk of failure)
Press: ? - help, Shift-Dir - straight line, f - komodo dragon
Aim: a komodo dragon (chance to affect: 37%)
The komodo dragon easily resists.
The komodo dragon misses you.
Casting: Ensorcelled Hibernation (safe; 2% risk of failure)
Confirm with . or Enter, or press ? or * to list all spells.
Aiming: Ensorcelled Hibernation (safe; 2% risk of failure)
Press: ? - help, Shift-Dir - straight line, f/p - komodo dragon
Aim: a komodo dragon (chance to affect: 37%)
The komodo dragon easily resists.
The komodo dragon bites you!
Casting: Ensorcelled Hibernation (safe; 2% risk of failure)
Confirm with . or Enter, or press ? or * to list all spells.
Aiming: Ensorcelled Hibernation (safe; 2% risk of failure)
Press: ? - help, Shift-Dir - straight line, f/p - komodo dragon
Aim: a komodo dragon (chance to affect: 37%)
The komodo dragon easily resists.
The komodo dragon bites you but does no damage.
Casting: Ensorcelled Hibernation (safe; 2% risk of failure)
Confirm with . or Enter, or press ? or * to list all spells.
Aiming: Ensorcelled Hibernation (safe; 2% risk of failure)
Press: ? - help, Shift-Dir - straight line, f/p - komodo dragon
Aim: a komodo dragon (chance to affect: 37%)
The komodo dragon easily resists.
The komodo dragon bites you!
Casting: Ensorcelled Hibernation (safe; 2% risk of failure)
Confirm with . or Enter, or press ? or * to list all spells.
Your hands begin to glow red.
You hit the komodo dragon but do no damage.
The komodo dragon bites you!!
Ouch! That really hurt!
You die...
Kikubaaqudgha rasps: "You have failed me!
Welcome... death!"

#.# # ♣ ##.# ♣♣ #..###♣ #
#♣♣ .. #######.##.##P .. ♣♣.
..........#..#.# ♣.♣#♣..
....####.#..##.# ..##..
..... #####.#..######.##..
l#....###P#.#.##.##.#.#.#.#.
..........l@................
.#...)#PP#.#..########..###.
..............# ##># ##
#...###..#.## ##.# #.
#.#........# #..###. .
##..####.# #...### ##.# ###
##.## # ##. ### ##


You could see a komodo dragon.

Vanquished Creatures
  2 two-headed ogres (D:9)
  Pikel (D:7)
  A hornet (D:8)
  Grinder (D:3)
  A shadow (D:9)
  3 steam dragons
  Eustachio (D:4)
  Menkaure (D:7)
  3 water moccasins
  2 orc warriors (D:9)
  2 sky beasts
  The ghost of Xeneth the Chopper, an amateur DrBe of Trog (D:3)
  An ice beast (D:6)
  2 ogres
  2 centaurs
  2 bullfrogs
  A necrophage (D:6)
  11 scorpions
  A gnoll sergeant (D:9)
  3 wights (D:8)
  11 killer bees
  A howler monkey (D:8)
  An electric eel (D:9)
  3 centaur zombies (Ossuary)
  4 human zombies (Ossuary)
  A jelly (D:6)
  4 hounds
  3 gnoll boudas
  5 orc priests
  2 iguanas
  3 scorpion zombies (Ossuary)
  10 orc wizards
  4 mummies
  8 adders
  20 gnolls
  A river rat (D:3)
  2 shadow imps (D:7)
  3 worms
  3 dart slugs
  33 orcs
  7 ball pythons
  2 endoplasms (D:4)
  3 giant cockroaches
  9 hobgoblins
  3 jackals (D:3)
  2 quokkas
  3 bats (D:1)
  2 frilled lizards (D:3)
  A gnoll zombie (Ossuary)
  4 goblins
  A goblin zombie (Ossuary)
  3 hobgoblin zombies (Ossuary)
  6 kobolds
  4 kobold zombies (Ossuary)
  4 rats
218 creatures vanquished.

Vanquished Creatures (collateral kills)
  An orc warrior (D:9)
  2 wights (D:8)
3 creatures vanquished.

Vanquished Creatures (others)
  3 dancing weapons (D:9)
3 creatures vanquished.

Grand Total: 224 creatures vanquished

Notes
Turn   | Place    | Note
-------+----------+-------------------------------------------
     0 | D:1      | sweetbreads the Spriggan Enchanter began the quest for the
                  | Orb.
     0 | D:1      | Reached XP level 1. HP: 9/9 MP: 5/5
   687 | D:1      | Reached XP level 2. HP: 13/13 MP: 7/7
   690 | D:1      | Learned a level 2 spell: Ensorcelled Hibernation
  1109 | D:2      | Reached skill level 5 in Stealth
  1184 | D:2      | Reached XP level 3. HP: 13/16 MP: 3/8
  2281 | D:3      | Noticed Grinder
  2409 | D:2      | Found Kaag's Distillery.
  2412 | D:2      | Bought a potion of curing for 33 gold pieces
  2622 | D:3      | Reached XP level 4. HP: 21/21 MP: 9/9
  2695 | D:3      | Found a faded altar of an unknown god.
  3275 | D:3      | Found a runed translucent door.
  3275 | D:3      | Noticed Xeneth's ghost (amateur DrBe)
  3298 | D:3      | Found a runed translucent door.
  3649 | D:4      | Reached skill level 1 in Evocations
  3649 | D:4      | Reached XP level 5. HP: 22/24 MP: 5/10
  3991 | D:4      | Noticed Eustachio
  4051 | D:4      | Learned a level 3 spell: Confusing Touch
  4055 | D:4      | Learned a level 3 spell: Tukima's Dance
  4078 | D:5      | Entered Level 5 of the Dungeon
  4139 | D:4      | Noticed a steam dragon
  4434 | D:4      | Killed Eustachio
  4435 | D:4      | Reached XP level 6. HP: 15/28 MP: 8/11
  4686 | D:4      | Killed a steam dragon
  4687 | D:4      | Reached skill level 5 in Hexes
  4720 | D:5      | Reached XP level 7. HP: 32/32 MP: 12/12
  5621 | D:5      | Reached skill level 10 in Stealth
  5931 | D:6      | Found a sand-covered staircase.
  6001 | Ossuary  | Entered an ossuary
  6245 | Ossuary  | Reached skill level 1 in Fighting
  6245 | Ossuary  | Reached XP level 8. HP: 37/37 MP: 10/13
  6772 | Ossuary  | Reached skill level 5 in Dodging
  7388 | D:6      | Reached XP level 9. HP: 44/44 MP: 14/14
  7739 | D:6      | Identified the ring of Dukhlodih {*Slow rN+ Str+2 Int+6}
  7750 | D:6      | Reached skill level 5 in Short Blades
  8543 | D:7      | Found Atexadd's General Store.
  8549 | D:7      | Noticed Menkaure
  8729 | D:7      | Killed Menkaure
  8743 | D:7      | Bought a scroll of brand weapon for 123 gold pieces
  8755 | D:7      | Learned a level 3 spell: Teleport Other
  8872 | D:7      | Found a staircase to the Ecumenical Temple.
  8881 | Temple   | Entered the Ecumenical Temple
  8901 | Temple   | Became a worshipper of Kikubaaqudgha
  9280 | D:7      | Noticed Pikel
  9300 | D:7      | Killed Pikel
  9301 | D:7      | Reached skill level 10 in Hexes
  9661 | D:8      | Found a staircase to the Lair.
  9712 | D:8      | Reached XP level 10. HP: 27/49 MP: 4/15
  9960 | D:8      | Reached skill level 1 in Translocations
 10284 | D:7      | Reached * piety under Kikubaaqudgha
 10284 | D:7      | Received a gift from Kikubaaqudgha
 10749 | Temple   | Learned a level 1 spell: Necrotise
 11112 | D:8      | Found a sparkling altar of Nemelex Xobeh.
 11112 | D:8      | Found a radiant altar of Vehumet.
 11421 | D:9      | Noticed a two-headed ogre
 11439 | D:9      | Killed a two-headed ogre
 11440 | D:9      | Reached skill level 1 in Necromancy
 11631 | D:9      | Found a glowing silver altar of Zin.
 11631 | D:9      | Found an opulent altar of Gozag.
 11931 | D:9      | Found a runed translucent gate.
 11931 | D:9      | Found a runed translucent gate.
 11931 | D:9      | Found a runed translucent gate.
 11936 | D:9      | Noticed a spectral centaur warrior
 11936 | D:9      | Noticed hawla's ghost (journeyman MeIE)
 11947 | D:9      | Reached skill level 10 in Short Blades
 12045 | D:9      | Noticed a two-headed ogre
 12096 | D:9      | Killed a two-headed ogre
 12400 | D:9      | Found a staircase to the Orcish Mines.
 13014 | D:3      | Killed Xeneth's ghost
 13071 | D:3      | Killed Grinder
 13169 | Lair:1   | Entered Level 1 of the Lair of Beasts
 13253 | Lair:1   | Slain by a komodo dragon

Illustrated notes

Levels and vault maps discovered:
D:1:      ncdulo_watergridlock, layout_rooms, serial_bayou_pond_e
D:2:      layout_loops_ring, serial_shops, nicolae_shop_window_shopping,
          amethyst_killhole, kennysheep_generic_room_10
D:3:      layout_loops_corners, dreamdust_ecumenical_altar_grove,
          ebering_ghost_sewer_f, uniq_grinder
D:4:      layout_basic, uniq_eustachio
D:5:      layout_loops_corners, nicolae_sif_muna_condensation
D:6:      layout_basic, gup_ossuary_entry_pyramid, grunt_decor_clamped,
          nicolae_figureground_pulse
D:7:      layout_basic, minmay_temple_entry_ruins, serial_shops,
          nicolae_stop_n_shop_2, grunt_ministairs_1, minmay_diced_spiral,
          uniq_pikel, uniq_menkaure
D:8:      layout_gridville, gammafunk_temple_overflow_elements,
          lair_entry_dummy, minivault_24
D:9:      layout_loops_ring, grunt_temple_overflow_gold_and_silver,
          david_orc_1_choice, gammafunk_ghost_necromancy, nicolae_water_bricks
Temple:   minmay_temple_bridge_d
Lair:1:   gammafunk_cloud_chamber, layout_loops_ring, wad_woods_03

Skill      XL: |  1  2  3  4  5  6  7  8  9 10 |
---------------+-------------------------------+-----
Spellcasting   | 3 |  3.0
Dodging        | 3 6 9 |  9.2
Stealth        | 5 6 7 8 9 10 | 10.0
Hexes          | 4 5 6 8 10 | 10.0
Short Blades   | 2 3 4 8 10 | 10.0
Evocations     | 1 2 3 4 |  4.0
Fighting       | 1 3 4 |  4.0
Translocations | 4 |  4.9
Necromancy     | 3 |  3.3

Action                   |  1- 3 |  4- 6 |  7- 9 | 10-12 || total
-------------------------+-------+-------+-------+-------++-------
Melee: Dagger            |    88 |    54 |       |       ||   142
       Rapier            |       |     3 |   360 |   123 ||   486
       Punch             |       |       |     3 |       ||     3
Throw: Dart              |       |       |       |     7 ||     7
 Cast: Ensorcelled Hiber |    15 |    19 |    53 |    49 ||   136
       Confusing Touch   |       |       |    27 |     9 ||    36
       Tukima's Dance    |       |       |     1 |    13 ||    14
       Necrotise         |       |       |       |    14 ||    14
  Use: Scroll            |       |       |    19 |     5 ||    24
 Stab: Sleeping          |    18 |    21 |    41 |    31 ||   111
       Distracted        |       |     1 |     2 |       ||     3
       Confused          |       |       |    22 |     5 ||    27
Armor: Robe              |     6 |     2 |    28 |       ||    36
       Steam dragon scal |       |       |    11 |    11 ||    22
Dodge: Dodged            |    52 |    38 |   259 |   138 ||   487
